Sabres vs Flames

Created - February 6, 2018 at 19:07

Goals
1 2 3 T
Sabres 1 0 2 3
Flames 0 2 0 2
Shots
1 2 3 T
Sabres 4 14 9 27
Flames 10 14 7 31

1st period

1. Sabres , Brandon Sutter 9 (Ilya Kovalchuk 26, Rob Scuderi 18) at 19:35

Penalties :
Jordan Leopold (Buf) for Hooking (Minor) at 4:24, Matt Martin (Buf) for Cross-checking (Minor) at 11:54

2nd period

2. Flames , Steve Regier 16 (Colin Wilson 13) at 6:19
3. Flames , Alexander Semin 27 (David Backes 34, Eric Staal 45) at 9:42 (PP)

Penalties :
Brandon Sutter (Buf) for Roughing (Minor) at 9:20, Ilya Kovalchuk (Buf) for Roughing (Minor) at 10:06, Alexander Semin (Cal) for Hooking (Minor) at 10:25, Evander Kane (Buf) for Tripping (Minor) at 15:28

3rd period

4. Sabres , Andrei Loktionov 18 (Michael Kostka 18, Evander Kane 30) at 14:21
5. Sabres , Andrei Loktionov 19 (Evander Kane 31) at 17:55

Penalties :
Kyle Okposo (Buf) for Roughing (Minor) at 2:42, Alexander Semin (Cal) for Tripping (Minor) at 7:26, Zack Kassian (Buf) for Hooking (Minor) at 19:35

Goalie Stats

Robin Lehner (Buf), 29 saves from 31 shots - (0.935), W, 26-9-2, 60:00 minutes
Pekka Rinne (Cal), 24 saves from 27 shots - (0.889), L, 17-16-5, 59:08 minutes

Players Stats for Sabres

Player Name              G  A  P  +/- PIM S  H  SB GA TA FO     MP     PP MP  PK MP  
------------------------------------------------------------------------------------
Andrei Loktionov         2  0  2   2  0   2  1  0  1  0  3/11   16:01   1:11   0:00 
Brad Richardson          0  0  0   0  0   2  1  0  1  0  0/0     6:42   0:00   0:00 
Brandon Sutter           1  0  1   0  2   2  0  0  0  1  16/33  20:34   0:00   5:19 
Darcy Hordichuk          0  0  0   0  0   2  0  1  0  0  0/0    12:19   0:00   5:38 
Evander Kane             0  2  2   2  2   4  2  0  1  0  0/0    17:08   1:11   0:28 
Ilya Kovalchuk           0  1  1   0  2   1  4  0  0  1  1/2    18:27   1:07   2:52 
Jakub Kindl              0  0  0   0  0   0  0  0  0  0  0/0    10:48   0:00   0:00 
Jared Cowen              0  0  0   0  0   1  1  2  0  1  0/0    25:09   1:09   5:55 
Jordan Leopold           0  0  0   0  2   0  1  1  0  0  0/0    10:17   0:00   0:00 
Kyle Okposo              0  0  0   0  2   0  1  1  1  0  0/1    16:12   1:11   0:00 
Matt Martin              0  0  0   0  2   0  2  0  0  1  2/3    11:50   0:00   0:45 
Michael Kostka           0  1  1   0  0   1  1  0  1  1  0/0    24:36   1:09   5:55 
Rob Scuderi              0  1  1   2  0   1  1  0  0  0  0/0    24:36   1:09   3:06 
Ryan O'Reilly            0  0  0   0  0   1  0  1  0  0  3/7     8:37   1:07   0:12 
Scottie Upshall          0  0  0   2  0   2  4  1  0  1  0/0    14:39   0:00   0:00 
Vincent Lecavalier       0  0  0   0  0   4  0  0  0  1  6/10   14:27   0:08   2:48 
Zach Bogosian            0  0  0   2  0   1  0  0  3  1  0/0    24:36   1:09   3:06 
Zack Kassian             0  0  0   0  2   3  3  0  0  0  1/1    12:14   0:59   0:00 

Players Stats for Flames

Player Name              G  A  P  +/- PIM S  H  SB GA TA FO     MP     PP MP  PK MP  
------------------------------------------------------------------------------------
Alexander Semin          1  0  1  -2  4   3  1  2  1  0  1/1    21:58   5:37   0:00 
Brad Marchand            0  0  0   0  0   0  1  0  0  0  1/2    15:26   0:00   1:14 
Brendan Mikkelson        0  0  0  -2  0   1  1  1  0  0  0/0    13:07   1:55   0:00 
Colin Wilson             0  1  1   0  0   1  0  0  0  0  3/9     9:46   0:00   0:06 
David Backes             0  1  1  -2  0   2  1  0  1  0  1/1    21:55   5:38   0:00 
Derek Meech              0  0  0   1  0   3  3  2  0  2  0/0    27:32   7:06   0:40 
Eric Staal               0  1  1  -2  0   6  3  0  0  0  18/36  23:57   5:38   0:56 
Erik Johnson             0  0  0   1  0   2  0  6  2  2  0/0    25:54   6:08   0:00 
Jonathan Ferland         0  0  0   0  0   1  0  0  0  0  0/0     7:38   0:00   0:00 
Jordin Tootoo            0  0  0   0  0   0  2  0  1  0  0/0    14:44   3:23   0:53 
Lubomir Visnovsky        0  0  0  -1  0   1  0  2  0  1  0/0    19:21   0:00   1:38 
Marcus Nilson            0  0  0   0  0   2  1  0  0  0  0/0     7:54   0:00   0:11 
Michel Ouellet           0  0  0   0  0   1  2  2  0  1  1/1    13:15   0:00   0:00 
Mikhail Grabovski        0  0  0   0  0   1  1  0  1  0  2/3     8:56   0:00   1:16 
Patrik Berglund          0  0  0   0  0   2  1  0  0  0  9/14   17:22   3:23   0:00 
Ron Hainsey              0  0  0  -2  0   1  0  1  0  2  0/0    14:45   2:53   0:40 
Steve Eminger            0  0  0  -1  0   1  2  2  2  0  0/0    19:21   0:00   1:38 
Steve Regier             1  0  1   0  0   3  1  0  0  0  0/1    13:09   3:23   0:00 

3 Stars

1 - Andrei Loktionov (Buf)
2 - Evander Kane (Buf)
3 - Rob Scuderi (Buf)

Power Play

Sabres - 0 on 2 Attempt(s) - 0.00%
Flames - 1 on 7 Attempt(s) - 14.29%

Penalty Kill

Sabres - 6 on 7 Attempt(s) - 85.71% - Score 0 goal in Penalty Kill
Flames - 2 on 2 Attempt(s) - 100.00% - Score 0 goal in Penalty Kill

Team Stat

Sabres - Hits : 22 - Faceoff Wins : 32 - Blocked Shots : 7 - Penalty Minutes : 14
Flames - Hits : 20 - Faceoff Wins : 36 - Blocked Shots : 18 - Penalty Minutes : 4

Official

Referees : Martell Rob and Sutherland Kelly
Linesman : Derek Amell and Vaughan Rody

Game Notes

No Game Note

Finance

Level 1 -- Attendance: 4427 (73.78%) -- Ticket Income $402,857
Level 2 -- Attendance: 4233 (84.66%) -- Ticket Income $241,281
Level 3 -- Attendance: 1529 (76.45%) -- Ticket Income $58,102
Level 4 -- Attendance: 3717 (92.93%) -- Ticket Income $100,359
Luxury Box -- Attendance: 1000 (100.00%) -- Ticket Income $163,000
Game was played at the Metal Center.
Total Attendance: 14906 (82.81%)
Total Ticket Income: $965,599
Other Income: $144,840
Total Income: $1,110,439

Sabres

5 vs 5 Forward 
   Center                   Left Wing                Right Wing               Time % Phy DF OF 
 1 Brandon Sutter           Ilya Kovalchuk           Kyle Okposo              35     0   2  3  
 2 Andrei Loktionov         Evander Kane             Scottie Upshall          32     0   2  3  
 3 Vincent Lecavalier       Matt Martin              Zack Kassian             23     2   2  1  
 4 Ryan O'Reilly            Darcy Hordichuk          Brad Richardson          10     0   3  2  

5 vs 5 Defense 
   Defense                  Defense                                           Time % Phy DF OF 
 1 Zach Bogosian            Rob Scuderi                                       40     0   2  3  
 2 Michael Kostka           Jared Cowen                                       38     1   3  1  
 3 Jakub Kindl              Jordan Leopold                                    22     0   4  1  
 4 Michael Kostka           Jared Cowen                                       0      0   3  2  

PowerPlay Forward 
   Center                   Left Wing                Right Wing               Time % Phy DF OF 
 1 Andrei Loktionov         Evander Kane             Kyle Okposo              58     0   0  5  
 2 Ryan O'Reilly            Ilya Kovalchuk           Zack Kassian             42     0   0  5  

PowerPlay Defense
   Defense                  Defense                                           Time % Phy DF OF 
 1 Zach Bogosian            Rob Scuderi                                       58     1   1  3  
 2 Michael Kostka           Jared Cowen                                       42     1   1  3  

Penalty Kill 4 Players Forward 
   Center                   Wing                     Time % Phy DF OF 
 1 Brandon Sutter           Darcy Hordichuk          60     0   5  0  
 2 Vincent Lecavalier       Ilya Kovalchuk           40     0   4  1  

Penalty Kill 4 Players Defense
   Defense                  Defense                  Time % Phy DF OF 
 1 Michael Kostka           Jared Cowen              60     0   5  0  
 2 Zach Bogosian            Rob Scuderi              40     0   4  1  

Penalty Kill - 3 Players Forward 
   Forward                                           Time % Phy DF OF 
 1 Brandon Sutter                                    60     0   5  0  
 2 Darcy Hordichuk                                   40     0   5  0  

Penalty Kill - 3 Players Defense
   Defense                  Defense                  Time % Phy DF OF 
 1 Michael Kostka           Jared Cowen              60     0   5  0  
 2 Zach Bogosian            Rob Scuderi              40     0   5  0  

4 vs 4 Forward 
   Center                   Wing                     Time % Phy DF OF 
 1 Ryan O'Reilly            Ilya Kovalchuk           60     1   2  2  
 2 Vincent Lecavalier       Zack Kassian             40     1   2  2  

4 vs 4 Defense
   Defense                  Defense                  Time % Phy DF OF 
 1 Zach Bogosian            Rob Scuderi              60     1   2  2  
 2 Michael Kostka           Jared Cowen              40     1   2  2  

Last Minutes Offensive
   Center                   Left Wing                Right Wing               Defense                  Defense                  
   Vincent Lecavalier       Ilya Kovalchuk           Kyle Okposo              Zach Bogosian            Michael Kostka           

Last Minutes Defensive
   Center                   Left Wing                Right Wing               Defense                  Defense                  
   Brandon Sutter           Ilya Kovalchuk           Zack Kassian             Zach Bogosian            Jared Cowen              

Goaltenders
Starting : Robin Lehner             
Backup : Jonas Hiller             

Extra Forwards
Normal : Ilya Kovalchuk, Kyle Okposo, Vincent Lecavalier - PP : Kyle Okposo, Vincent Lecavalier - PK : Matt Martin
Extra Defensemen
Normal : Jakub Kindl, Jordan Leopold, Michael Kostka - PP : Jakub Kindl - PK : Jordan Leopold, Michael Kostka
Penalty Shots
Ilya Kovalchuk, Vincent Lecavalier, Evander Kane, Darcy Hordichuk, Kyle Okposo

Scratches
Michael Haley (Healthy)

Flames

5 vs 5 Forward 
   Center                   Left Wing                Right Wing               Time % Phy DF OF 
 1 Eric Staal               Alexander Semin          David Backes             41     1   2  2  
 2 Patrik Berglund          Brad Marchand            Michel Ouellet           33     1   2  2  
 3 Colin Wilson             Steve Regier             Jordin Tootoo            18     1   2  2  
 4 Mikhail Grabovski        Marcus Nilson            Jonathan Ferland         8      1   2  2  

5 vs 5 Defense 
   Defense                  Defense                                           Time % Phy DF OF 
 1 Derek Meech              Erik Johnson                                      38     1   2  2  
 2 Lubomir Visnovsky        Steve Eminger                                     29     1   2  2  
 3 Brendan Mikkelson        Ron Hainsey                                       23     1   2  2  
 4 Lubomir Visnovsky        Steve Eminger                                     10     1   2  2  

PowerPlay Forward 
   Center                   Left Wing                Right Wing               Time % Phy DF OF 
 1 Eric Staal               Alexander Semin          David Backes             60     1   1  3  
 2 Patrik Berglund          Steve Regier             Jordin Tootoo            40     1   1  3  

PowerPlay Defense
   Defense                  Defense                                           Time % Phy DF OF 
 1 Derek Meech              Erik Johnson                                      60     1   1  3  
 2 Derek Meech              Ron Hainsey                                       40     1   1  3  

Penalty Kill 4 Players Forward 
   Center                   Wing                     Time % Phy DF OF 
 1 Mikhail Grabovski        Alexander Semin          50     1   3  1  
 2 Eric Staal               Jordin Tootoo            50     1   3  1  

Penalty Kill 4 Players Defense
   Defense                  Defense                  Time % Phy DF OF 
 1 Lubomir Visnovsky        Steve Eminger            58     1   3  1  
 2 Derek Meech              Ron Hainsey              42     1   3  1  

Penalty Kill - 3 Players Forward 
   Forward                                           Time % Phy DF OF 
 1 Eric Staal                                        50     1   3  1  
 2 Alexander Semin                                   50     1   3  1  

Penalty Kill - 3 Players Defense
   Defense                  Defense                  Time % Phy DF OF 
 1 Lubomir Visnovsky        Steve Eminger            58     1   3  1  
 2 Derek Meech              Ron Hainsey              42     1   3  1  

4 vs 4 Forward 
   Center                   Wing                     Time % Phy DF OF 
 1 Eric Staal               Alexander Semin          60     1   2  2  
 2 Patrik Berglund          Jordin Tootoo            40     1   2  2  

4 vs 4 Defense
   Defense                  Defense                  Time % Phy DF OF 
 1 Derek Meech              Erik Johnson             60     1   2  2  
 2 Lubomir Visnovsky        Steve Eminger            40     1   2  2  

Last Minutes Offensive
   Center                   Left Wing                Right Wing               Defense                  Defense                  
   Eric Staal               Alexander Semin          David Backes             Derek Meech              Erik Johnson             

Last Minutes Defensive
   Center                   Left Wing                Right Wing               Defense                  Defense                  
   Eric Staal               Alexander Semin          David Backes             Derek Meech              Erik Johnson             

Goaltenders
Starting : Pekka Rinne              
Backup : Josh Harding             

Extra Forwards
Normal : Brad Marchand, Jordin Tootoo, Patrik Berglund - PP : Brad Marchand, Jordin Tootoo - PK : Brad Marchand
Extra Defensemen
Normal : Lubomir Visnovsky, Derek Meech, Steve Eminger - PP : Brendan Mikkelson - PK : Brendan Mikkelson, Erik Johnson
Penalty Shots
Eric Staal, Alexander Semin, David Backes, Patrik Berglund, Colin Wilson

Scratches
None


% Time on Ice - Sabres

Lines # - Real PCT - Wanted PCT - Time Play
Normal Forward
1 - 31% - 35% - 14:22
2 - 32% - 32% - 14:41
3 - 24% - 23% - 11:00
4 - 14% - 10% - 6:25
Normal Defense
1 - 41% - 40% - 18:57
2 - 37% - 38% - 17:16
3 - 22% - 22% - 10:15
4 - 0% - 0% - 0:00
PP Forward
1 - 54% - 58% - 1:14
2 - 46% - 42% - 1:04
PP Defense
1 - 50% - 58% - 1:09
2 - 50% - 42% - 1:09
PK Forward
1 - 69% - 60% - 6:13
2 - 31% - 40% - 2:48
PK Defense
1 - 66% - 60% - 5:55
2 - 34% - 40% - 3:06
PK3 Forward
1 - 0% - 60%
2 - 0% - 40%
PK3 Defense
1 - 0% - 60%
2 - 0% - 40%
44 Forward
1 - 100% - 60% - 1:40
2 - 0% - 40% - 0:00
44 Defense
1 - 67% - 60% - 1:07
2 - 33% - 40% - 0:33
Last Minute Offensive  - 0:00
Last Minute Defensive  - 0:33
Total
Forward - 60:00
Defense - 60:00

% Time on Ice - Flames

Lines # - Real PCT - Wanted PCT - Time Play
Normal Forward
1 - 34% - 41% - 15:48
2 - 29% - 33% - 13:24
3 - 21% - 18% - 9:37
4 - 16% - 8% - 7:38
Normal Defense
1 - 40% - 38% - 18:33
2 - 30% - 29% - 14:05
3 - 23% - 23% - 10:45
4 - 7% - 10% - 3:04
PP Forward
1 - 62% - 60% - 5:38
2 - 38% - 40% - 3:23
PP Defense
1 - 68% - 60% - 6:08
2 - 32% - 40% - 2:53
PK Forward
1 - 62% - 50% - 1:25
2 - 38% - 50% - 0:53
PK Defense
1 - 71% - 58% - 1:38
2 - 29% - 42% - 0:40
PK3 Forward
1 - 0% - 50%
2 - 0% - 50%
PK3 Defense
1 - 0% - 58%
2 - 0% - 42%
44 Forward
1 - 100% - 60% - 1:40
2 - 0% - 40% - 0:00
44 Defense
1 - 75% - 60% - 1:15
2 - 25% - 40% - 0:25
Last Minute Offensive  - 0:34
Last Minute Defensive  - 0:00
Total
Forward - 60:00
Defense - 60:00

Play by Play

1st period


0:01 of 1st period - Eric Staal wins face-off versus Brandon Sutter in neutral zone.
0:04 of 1st period - Ilya Kovalchuk is hit by Alexander Semin and loses puck.
0:48 of 1st period - Slapshot by Andrei Loktionov.
0:48 of 1st period - Shot Misses the Net.
1:08 of 1st period - Snap shot by Ryan O'Reilly.
1:08 of 1st period - Stopped by Pekka Rinne without a rebound.
1:09 of 1st period - Mikhail Grabovski wins face-off versus Ryan O'Reilly in Flames zone.
1:14 of 1st period - Snap shot by Marcus Nilson.
1:14 of 1st period - Shot Blocked by Darcy Hordichuk.
1:16 of 1st period - Wrist shot by Brendan Mikkelson.
1:16 of 1st period - Stopped by Robin Lehner with a rebound.
1:18 of 1st period - Snap shot by Jonathan Ferland.
1:18 of 1st period - Stopped by Robin Lehner with a rebound.
1:20 of 1st period - Slapshot by Ron Hainsey.
1:20 of 1st period - Stopped by Robin Lehner without a rebound.
1:21 of 1st period - Eric Staal wins face-off versus Andrei Loktionov in Sabres zone.
1:28 of 1st period - Slapshot by Evander Kane.
1:28 of 1st period - Shot Misses the Net.
1:30 of 1st period - Slapshot by Evander Kane.
1:30 of 1st period - Shot Misses the Net.
1:36 of 1st period - Backhand shot by Andrei Loktionov.
1:36 of 1st period - Shot Misses the Net.
1:49 of 1st period - Steve Eminger is hit by Scottie Upshall and loses puck.
2:11 of 1st period - Off-side.
2:12 of 1st period - Patrik Berglund wins face-off versus Brandon Sutter in neutral zone.
2:29 of 1st period - Slapshot by Ilya Kovalchuk.
2:29 of 1st period - Stopped by Pekka Rinne with a rebound.
3:25 of 1st period - Steve Eminger is hit by Ilya Kovalchuk and loses puck.
4:06 of 1st period - Ron Hainsey is hit by Evander Kane and loses puck.
4:21 of 1st period - Wrist shot by Mikhail Grabovski.
4:21 of 1st period - Stopped by Robin Lehner without a rebound.
4:22 of 1st period - Ryan O'Reilly wins face-off versus Mikhail Grabovski in Sabres zone.
4:24 of 1st period - Minor Penalty to Jordan Leopold for Hooking.
4:25 of 1st period - Eric Staal wins face-off versus Brandon Sutter in Sabres zone.
4:33 of 1st period - Snap shot by Eric Staal.
4:33 of 1st period - Shot Blocked by Jared Cowen.
5:41 of 1st period - Michael Kostka is hit by Eric Staal and loses puck.
6:24 of 1st period - Penalty to Jordan Leopold is over, Jordan Leopold is back on ice.
6:38 of 1st period - Evander Kane is hit by Mikhail Grabovski and loses puck.
6:49 of 1st period - Brendan Mikkelson is hit by Zack Kassian and loses puck.
7:26 of 1st period - Jordin Tootoo is hit by Zack Kassian and loses puck.
7:58 of 1st period - Evander Kane is hit by Marcus Nilson and loses puck.
8:11 of 1st period - Evander Kane is hit by David Backes and loses puck.
8:23 of 1st period - Brendan Mikkelson is hit by Scottie Upshall and loses puck.
8:55 of 1st period - Wrist shot by Andrei Loktionov.
8:55 of 1st period - Shot Misses the Net.
8:57 of 1st period - Slapshot by Jordan Leopold.
8:57 of 1st period - Shot Blocked by Lubomir Visnovsky.
9:03 of 1st period - Eric Staal is hit by Jared Cowen and loses puck.
9:36 of 1st period - Icing by Jakub Kindl.
9:37 of 1st period - Michel Ouellet wins face-off versus Andrei Loktionov in Sabres zone.
9:49 of 1st period - Icing by Andrei Loktionov.
9:50 of 1st period - Patrik Berglund wins face-off versus Andrei Loktionov in Sabres zone.
11:01 of 1st period - Backhand shot by Michel Ouellet.
11:01 of 1st period - Stopped by Robin Lehner without a rebound.
11:02 of 1st period - Patrik Berglund wins face-off versus Ryan O'Reilly in Sabres zone.
11:03 of 1st period - Snap shot by Erik Johnson.
11:03 of 1st period - Shot Blocked by Ryan O'Reilly.
11:07 of 1st period - Backhand shot by Patrik Berglund.
11:07 of 1st period - Stopped by Robin Lehner without a rebound.
11:08 of 1st period - Brandon Sutter wins face-off versus Patrik Berglund in Sabres zone.
11:23 of 1st period - Snap shot by Brad Marchand.
11:23 of 1st period - Shot Misses the Net.
11:39 of 1st period - Slapshot by Michael Kostka.
11:39 of 1st period - Stopped by Pekka Rinne without a rebound.
11:40 of 1st period - Vincent Lecavalier wins face-off versus Steve Regier in Flames zone.
11:41 of 1st period - Slapshot by Zach Bogosian.
11:41 of 1st period - Shot Blocked by Lubomir Visnovsky.
11:54 of 1st period - Minor Penalty to Matt Martin for Cross-checking.
11:55 of 1st period - Brandon Sutter wins face-off versus Eric Staal in Sabres zone.
12:07 of 1st period - Snap shot by David Backes.
12:07 of 1st period - Stopped by Robin Lehner without a rebound.
12:08 of 1st period - Brandon Sutter wins face-off versus Eric Staal in Sabres zone.
12:08 of 1st period - Brandon Sutter is hit by Derek Meech.
13:54 of 1st period - Penalty to Matt Martin is over, Matt Martin is back on ice.
14:07 of 1st period - Slapshot by Marcus Nilson.
14:07 of 1st period - Stopped by Robin Lehner with a rebound.
14:09 of 1st period - Snap shot by Marcus Nilson.
14:09 of 1st period - Shot Misses the Net.
14:11 of 1st period - Backhand shot by Lubomir Visnovsky.
14:11 of 1st period - Shot Blocked by Jordan Leopold.
14:21 of 1st period - Andrei Loktionov is hit by Patrik Berglund and loses puck.
15:04 of 1st period - Erik Johnson is hit by Ilya Kovalchuk and loses puck.
15:27 of 1st period - Erik Johnson is hit by Zack Kassian.
15:31 of 1st period - Vincent Lecavalier is hit by Steve Eminger and loses puck.
15:46 of 1st period - Snap shot by Steve Regier.
15:46 of 1st period - Stopped by Robin Lehner without a rebound.
15:47 of 1st period - Colin Wilson wins face-off versus Ryan O'Reilly in Sabres zone.
16:29 of 1st period - Off-side.
16:30 of 1st period - Vincent Lecavalier wins face-off versus Patrik Berglund in neutral zone.
16:32 of 1st period - Off-side.
16:33 of 1st period - Matt Martin wins face-off versus Brad Marchand in neutral zone.
16:46 of 1st period - Wrist shot by Michel Ouellet.
16:46 of 1st period - Shot Misses the Net.
16:48 of 1st period - Slapshot by Derek Meech.
16:48 of 1st period - Stopped by Robin Lehner with a rebound.
17:27 of 1st period - Backhand shot by Evander Kane.
17:27 of 1st period - Shot Misses the Net.
17:29 of 1st period - Slapshot by Jordan Leopold.
17:29 of 1st period - Shot Blocked by Ron Hainsey.
18:23 of 1st period - Michael Kostka is hit by Eric Staal and loses puck.
18:32 of 1st period - Snap shot by Ilya Kovalchuk.
18:32 of 1st period - Shot Misses the Net.
19:16 of 1st period - Erik Johnson is hit by Brad Richardson and loses puck.
19:35 of 1st period - Snap shot by Brandon Sutter.
19:35 of 1st period - Goal by Brandon Sutter - Sabres : 1 - Flames : 0.
19:36 of 1st period - Eric Staal wins face-off versus Brandon Sutter in neutral zone.
Goals for this period are 1 for Sabres vs 0 for Flames.
Shots for this period are 4 for Sabres vs 10 for Flames.

2nd period


0:01 of 2nd period - Brandon Sutter wins face-off versus Eric Staal in neutral zone.
0:14 of 2nd period - Backhand shot by Ilya Kovalchuk.
0:14 of 2nd period - Shot Misses the Net.
0:16 of 2nd period - Snap shot by Brandon Sutter.
0:16 of 2nd period - Deflect By Alexander Semin.
0:16 of 2nd period - Shot Misses the Net.
0:16 of 2nd period - Puck is out of play.
0:17 of 2nd period - Patrik Berglund wins face-off versus Vincent Lecavalier in Flames zone.
0:42 of 2nd period - Patrik Berglund is hit by Andrei Loktionov and loses puck.
0:47 of 2nd period - Slapshot by Evander Kane.
0:47 of 2nd period - Shot Misses the Net.
0:49 of 2nd period - Slapshot by Jared Cowen.
0:49 of 2nd period - Stopped by Pekka Rinne without a rebound.
0:50 of 2nd period - Eric Staal wins face-off versus Brandon Sutter in Flames zone.
1:21 of 2nd period - Snap shot by Zack Kassian.
1:21 of 2nd period - Stopped by Pekka Rinne without a rebound.
1:22 of 2nd period - Patrik Berglund wins face-off versus Vincent Lecavalier in Flames zone.
1:49 of 2nd period - Snap shot by Steve Regier.
1:49 of 2nd period - Stopped by Robin Lehner without a rebound.
1:50 of 2nd period - Ilya Kovalchuk wins face-off versus Colin Wilson in Sabres zone.
2:00 of 2nd period - Icing by Ron Hainsey.
2:01 of 2nd period - Brandon Sutter wins face-off versus Colin Wilson in Flames zone.
2:55 of 2nd period - Snap shot by Marcus Nilson.
2:55 of 2nd period - Stopped by Robin Lehner with a rebound.
3:19 of 2nd period - Snap shot by Darcy Hordichuk.
3:19 of 2nd period - Shot Blocked by Derek Meech.
3:21 of 2nd period - Wrist shot by Darcy Hordichuk.
3:21 of 2nd period - Shot Misses the Net.
3:23 of 2nd period - Wrist shot by Ryan O'Reilly.
3:23 of 2nd period - Shot Blocked by Michel Ouellet.
3:43 of 2nd period - Snap shot by Ilya Kovalchuk.
3:43 of 2nd period - Shot Blocked by Derek Meech.
4:22 of 2nd period - Icing by Jared Cowen.
4:23 of 2nd period - Andrei Loktionov wins face-off versus Colin Wilson in Sabres zone.
4:55 of 2nd period - Snap shot by Eric Staal.
4:55 of 2nd period - Stopped by Robin Lehner with a rebound.
4:57 of 2nd period - Wrist shot by Eric Staal.
4:57 of 2nd period - Shot Misses the Net.
5:11 of 2nd period - Snap shot by Michael Kostka.
5:11 of 2nd period - Shot Misses the Net.
5:14 of 2nd period - Icing by Lubomir Visnovsky.
5:15 of 2nd period - Vincent Lecavalier wins face-off versus Patrik Berglund in Flames zone.
5:53 of 2nd period - Backhand shot by Brandon Sutter.
5:53 of 2nd period - Stopped by Pekka Rinne with a rebound.
6:05 of 2nd period - Slapshot by David Backes.
6:05 of 2nd period - Stopped by Robin Lehner with a rebound.
6:07 of 2nd period - Snap shot by Alexander Semin.
6:07 of 2nd period - Stopped by Robin Lehner with a rebound.
6:13 of 2nd period - Slapshot by Eric Staal.
6:13 of 2nd period - Shot Misses the Net.
6:15 of 2nd period - Slapshot by Eric Staal.
6:15 of 2nd period - Stopped by Robin Lehner without a rebound.
6:16 of 2nd period - Colin Wilson wins face-off versus Ilya Kovalchuk in Sabres zone.
6:17 of 2nd period - Slapshot by Steve Regier.
6:17 of 2nd period - Shot Blocked by Kyle Okposo.
6:19 of 2nd period - Backhand shot by Colin Wilson.
6:19 of 2nd period - Deflect By Steve Regier.
6:19 of 2nd period - Goal by Steve Regier - Sabres : 1 - Flames : 1.
6:20 of 2nd period - Brandon Sutter wins face-off versus Eric Staal in neutral zone.
6:37 of 2nd period - Snap shot by Eric Staal.
6:37 of 2nd period - Stopped by Robin Lehner without a rebound.
6:38 of 2nd period - Patrik Berglund wins face-off versus Andrei Loktionov in Sabres zone.
7:20 of 2nd period - Slapshot by Erik Johnson.
7:20 of 2nd period - Shot Blocked by Jared Cowen.
8:02 of 2nd period - Snap shot by Jared Cowen.
8:02 of 2nd period - Shot Blocked by Brendan Mikkelson.
8:26 of 2nd period - Slapshot by Zach Bogosian.
8:26 of 2nd period - Deflect By Ryan O'Reilly.
8:26 of 2nd period - Shot Misses the Net.
8:26 of 2nd period - Puck is out of play.
8:27 of 2nd period - Ryan O'Reilly wins face-off versus Eric Staal in Flames zone.
8:28 of 2nd period - Slapshot by Zach Bogosian.
8:28 of 2nd period - Stopped by Pekka Rinne with a rebound.
8:30 of 2nd period - Slapshot by Rob Scuderi.
8:30 of 2nd period - Shot Misses the Net.
8:32 of 2nd period - Wrist shot by Darcy Hordichuk.
8:32 of 2nd period - Stopped by Pekka Rinne with a rebound.
8:34 of 2nd period - Snap shot by Rob Scuderi.
8:34 of 2nd period - Stopped by Pekka Rinne with a rebound.
8:36 of 2nd period - Slapshot by Darcy Hordichuk.
8:36 of 2nd period - Shot Blocked by Alexander Semin.
8:40 of 2nd period - Wrist shot by Brad Richardson.
8:40 of 2nd period - Shot Blocked by Alexander Semin.
8:42 of 2nd period - Slapshot by Brad Richardson.
8:42 of 2nd period - Stopped by Pekka Rinne without a rebound.
8:43 of 2nd period - Brandon Sutter wins face-off versus Patrik Berglund in Flames zone.
8:52 of 2nd period - Wrist shot by Michel Ouellet.
8:52 of 2nd period - Shot Misses the Net.
8:54 of 2nd period - Wrist shot by Patrik Berglund.
8:54 of 2nd period - Stopped by Robin Lehner without a rebound.
8:55 of 2nd period - Eric Staal wins face-off versus Brandon Sutter in Sabres zone.
8:56 of 2nd period - Snap shot by David Backes.
8:56 of 2nd period - Deflect By Eric Staal.
8:56 of 2nd period - Stopped by Robin Lehner without a rebound.
8:57 of 2nd period - Eric Staal wins face-off versus Brandon Sutter in Sabres zone.
9:20 of 2nd period - Minor Penalty to Brandon Sutter for Roughing.
9:21 of 2nd period - Eric Staal wins face-off versus Matt Martin in Sabres zone.
9:32 of 2nd period - Snap shot by Alexander Semin.
9:32 of 2nd period - Deflect By Darcy Hordichuk.
9:32 of 2nd period - Shot Misses the Net.
9:32 of 2nd period - Puck is out of play.
9:33 of 2nd period - Matt Martin wins face-off versus Eric Staal in Sabres zone.
9:42 of 2nd period - Wrist shot by Alexander Semin.
9:42 of 2nd period - Goal by Alexander Semin - Sabres : 1 - Flames : 2.
9:43 of 2nd period - Brandon Sutter wins face-off versus Eric Staal in neutral zone.
9:46 of 2nd period - Wrist shot by Kyle Okposo.
9:46 of 2nd period - Shot Blocked by Erik Johnson.
9:52 of 2nd period - Wrist shot by Derek Meech.
9:52 of 2nd period - Deflect By Brandon Sutter.
9:52 of 2nd period - Stopped by Robin Lehner with a rebound.
9:54 of 2nd period - Snap shot by Eric Staal.
9:54 of 2nd period - Shot Misses the Net.
10:06 of 2nd period - Minor Penalty to Ilya Kovalchuk for Roughing.
10:07 of 2nd period - Eric Staal wins face-off versus Brandon Sutter in Sabres zone.
10:25 of 2nd period - Minor Penalty to Alexander Semin for Hooking.
10:26 of 2nd period - Ryan O'Reilly wins face-off versus Eric Staal in Flames zone.
11:30 of 2nd period - Slapshot by Evander Kane.
11:30 of 2nd period - Stopped by Pekka Rinne without a rebound.
11:31 of 2nd period - Brad Marchand wins face-off versus Brandon Sutter in Flames zone.
11:38 of 2nd period - Slapshot by Erik Johnson.
11:38 of 2nd period - Shot Misses the Net.
12:06 of 2nd period - Penalty to Ilya Kovalchuk is over, Ilya Kovalchuk is back on ice.
12:25 of 2nd period - Penalty to Alexander Semin is over, Alexander Semin is back on ice.
12:26 of 2nd period - Icing by Zach Bogosian.
12:27 of 2nd period - Andrei Loktionov wins face-off versus Colin Wilson in Sabres zone.
12:44 of 2nd period - Slapshot by Vincent Lecavalier.
12:44 of 2nd period - Stopped by Pekka Rinne without a rebound.
12:45 of 2nd period - Vincent Lecavalier wins face-off versus Eric Staal in Flames zone.
12:50 of 2nd period - Snap shot by Zack Kassian.
12:50 of 2nd period - Stopped by Pekka Rinne with a rebound.
12:52 of 2nd period - Snap shot by Zack Kassian.
12:52 of 2nd period - Shot Misses the Net.
12:54 of 2nd period - Snap shot by Vincent Lecavalier.
12:54 of 2nd period - Stopped by Pekka Rinne without a rebound.
12:55 of 2nd period - Brandon Sutter wins face-off versus Eric Staal in Flames zone.
13:04 of 2nd period - Wrist shot by Brandon Sutter.
13:04 of 2nd period - Shot Misses the Net.
13:06 of 2nd period - Slapshot by Brandon Sutter.
13:06 of 2nd period - Deflect By Kyle Okposo.
13:06 of 2nd period - Shot Blocked by Erik Johnson.
13:06 of 2nd period - Puck is out of play.
13:07 of 2nd period - Eric Staal wins face-off versus Brandon Sutter in Flames zone.
13:12 of 2nd period - Slapshot by Derek Meech.
13:12 of 2nd period - Stopped by Robin Lehner without a rebound.
13:13 of 2nd period - Eric Staal wins face-off versus Kyle Okposo in Sabres zone.
13:26 of 2nd period - Snap shot by Brandon Sutter.
13:26 of 2nd period - Shot Misses the Net.
13:28 of 2nd period - Slapshot by Rob Scuderi.
13:28 of 2nd period - Shot Blocked by Erik Johnson.
13:30 of 2nd period - Snap shot by Kyle Okposo.
13:30 of 2nd period - Shot Misses the Net.
14:42 of 2nd period - Brandon Sutter is hit by Eric Staal and loses puck.
15:09 of 2nd period - Wrist shot by Evander Kane.
15:09 of 2nd period - Shot Blocked by Michel Ouellet.
15:11 of 2nd period - Slapshot by Jakub Kindl.
15:11 of 2nd period - Deflect By Scottie Upshall.
15:11 of 2nd period - Shot Misses the Net.
15:11 of 2nd period - Puck is out of play.
15:12 of 2nd period - Patrik Berglund wins face-off versus Andrei Loktionov in Flames zone.
15:28 of 2nd period - Minor Penalty to Evander Kane for Tripping.
15:29 of 2nd period - Brandon Sutter wins face-off versus Eric Staal in Sabres zone.
16:00 of 2nd period - Icing by Derek Meech.
16:01 of 2nd period - Patrik Berglund wins face-off versus Vincent Lecavalier in Flames zone.
17:28 of 2nd period - Penalty to Evander Kane is over, Evander Kane is back on ice.
17:42 of 2nd period - Slapshot by Evander Kane.
17:42 of 2nd period - Stopped by Pekka Rinne without a rebound.
17:43 of 2nd period - Mikhail Grabovski wins face-off versus Andrei Loktionov in Flames zone.
17:52 of 2nd period - Mikhail Grabovski is hit by Jordan Leopold and loses puck.
18:11 of 2nd period - Wrist shot by Zack Kassian.
18:11 of 2nd period - Stopped by Pekka Rinne with a rebound.
18:13 of 2nd period - Slapshot by Jakub Kindl.
18:13 of 2nd period - Shot Blocked by Steve Eminger.
18:15 of 2nd period - Snap shot by Zack Kassian.
18:15 of 2nd period - Deflect By Vincent Lecavalier.
18:15 of 2nd period - Stopped by Pekka Rinne with a rebound.
18:17 of 2nd period - Snap shot by Matt Martin.
18:17 of 2nd period - Shot Misses the Net.
18:19 of 2nd period - Slapshot by Jordan Leopold.
18:19 of 2nd period - Deflect By Vincent Lecavalier.
18:19 of 2nd period - Shot Misses the Net.
18:19 of 2nd period - Puck is out of play.
18:20 of 2nd period - Patrik Berglund wins face-off versus Brandon Sutter in Flames zone.
18:20 of 2nd period - Patrik Berglund is hit by Ilya Kovalchuk.
18:46 of 2nd period - Scottie Upshall is hit by Derek Meech and loses puck.
18:51 of 2nd period - Snap shot by Eric Staal.
18:51 of 2nd period - Shot Blocked by Scottie Upshall.
18:53 of 2nd period - Slapshot by Eric Staal.
18:53 of 2nd period - Stopped by Robin Lehner without a rebound.
18:54 of 2nd period - Eric Staal wins face-off versus Brandon Sutter in Sabres zone.
19:52 of 2nd period - Wrist shot by Zack Kassian.
19:52 of 2nd period - Shot Blocked by Erik Johnson.
Goals for this period are 0 for Sabres vs 2 for Flames.
Shots for this period are 14 for Sabres vs 14 for Flames.

3rd period


0:01 of 3rd period - Alexander Semin wins face-off versus Brandon Sutter in neutral zone.
0:26 of 3rd period - Steve Eminger is hit by Evander Kane and loses puck.
0:31 of 3rd period - Snap shot by Evander Kane.
0:31 of 3rd period - Stopped by Pekka Rinne with a rebound.
0:37 of 3rd period - Andrei Loktionov is hit by Michel Ouellet and loses puck.
2:29 of 3rd period - Snap shot by Ryan O'Reilly.
2:29 of 3rd period - Shot Misses the Net.
2:31 of 3rd period - Wrist shot by Ryan O'Reilly.
2:31 of 3rd period - Shot Misses the Net.
2:33 of 3rd period - Slapshot by Brad Richardson.
2:33 of 3rd period - Stopped by Pekka Rinne without a rebound.
2:34 of 3rd period - Brandon Sutter wins face-off versus Eric Staal in Flames zone.
2:35 of 3rd period - Wrist shot by Ilya Kovalchuk.
2:35 of 3rd period - Shot Misses the Net.
2:42 of 3rd period - Minor Penalty to Kyle Okposo for Roughing.
2:43 of 3rd period - Brandon Sutter wins face-off versus Eric Staal in Sabres zone.
2:43 of 3rd period - Brandon Sutter is hit by Derek Meech.
2:58 of 3rd period - Slapshot by Erik Johnson.
2:58 of 3rd period - Stopped by Robin Lehner without a rebound.
2:59 of 3rd period - Brandon Sutter wins face-off versus Eric Staal in Sabres zone.
3:32 of 3rd period - Wrist shot by Vincent Lecavalier.
3:32 of 3rd period - Stopped by Pekka Rinne without a rebound.
3:33 of 3rd period - Eric Staal wins face-off versus Brandon Sutter in Flames zone.
3:33 of 3rd period - Eric Staal is hit by Rob Scuderi.
4:02 of 3rd period - Off-side.
4:03 of 3rd period - Vincent Lecavalier wins face-off versus Patrik Berglund in neutral zone.
4:28 of 3rd period - Erik Johnson is hit by Michael Kostka and loses puck.
4:33 of 3rd period - Slapshot by Zach Bogosian.
4:33 of 3rd period - Shot Blocked by Erik Johnson.
4:42 of 3rd period - Penalty to Kyle Okposo is over, Kyle Okposo is back on ice.
5:01 of 3rd period - Slapshot by Scottie Upshall.
5:01 of 3rd period - Stopped by Pekka Rinne without a rebound.
5:02 of 3rd period - Eric Staal wins face-off versus Andrei Loktionov in Flames zone.
5:02 of 3rd period - Eric Staal is hit by Scottie Upshall.
5:36 of 3rd period - Wrist shot by Brad Marchand.
5:36 of 3rd period - Shot Misses the Net.
5:38 of 3rd period - Snap shot by Steve Eminger.
5:38 of 3rd period - Stopped by Robin Lehner without a rebound.
5:39 of 3rd period - Brandon Sutter wins face-off versus Eric Staal in Sabres zone.
5:39 of 3rd period - Brandon Sutter is hit by Brendan Mikkelson.
6:05 of 3rd period - Andrei Loktionov is hit by Steve Regier and loses puck.
6:56 of 3rd period - Snap shot by Zach Bogosian.
6:56 of 3rd period - Shot Blocked by Erik Johnson.
6:58 of 3rd period - Wrist shot by Andrei Loktionov.
6:58 of 3rd period - Shot Misses the Net.
7:00 of 3rd period - Slapshot by Andrei Loktionov.
7:00 of 3rd period - Shot Misses the Net.
7:02 of 3rd period - Backhand shot by Scottie Upshall.
7:02 of 3rd period - Stopped by Pekka Rinne without a rebound.
7:03 of 3rd period - David Backes wins face-off versus Brandon Sutter in Flames zone.
7:26 of 3rd period - Minor Penalty to Alexander Semin for Tripping.
7:27 of 3rd period - Eric Staal wins face-off versus Ryan O'Reilly in Flames zone.
9:26 of 3rd period - Penalty to Alexander Semin is over, Alexander Semin is back on ice.
9:39 of 3rd period - Patrik Berglund is hit by Matt Martin.
11:16 of 3rd period - Ryan O'Reilly is hit by Jordin Tootoo and loses puck.
11:31 of 3rd period - Brad Marchand is hit by Ilya Kovalchuk and loses puck.
11:42 of 3rd period - Mikhail Grabovski is hit by Matt Martin and loses puck.
12:31 of 3rd period - Darcy Hordichuk is hit by Jordin Tootoo and loses puck.
12:42 of 3rd period - Scottie Upshall is hit by Michel Ouellet and loses puck.
13:09 of 3rd period - Matt Martin is hit by Steve Eminger and loses puck.
13:45 of 3rd period - Patrik Berglund is hit by Scottie Upshall and loses puck.
13:50 of 3rd period - Snap shot by Scottie Upshall.
13:50 of 3rd period - Deflect By Evander Kane.
13:50 of 3rd period - Shot Misses the Net.
13:50 of 3rd period - Puck is out of play.
13:51 of 3rd period - Eric Staal wins face-off versus Andrei Loktionov in Flames zone.
14:19 of 3rd period - Snap shot by Andrei Loktionov.
14:19 of 3rd period - Shot Misses the Net.
14:21 of 3rd period - Slapshot by Michael Kostka.
14:21 of 3rd period - Deflect By Andrei Loktionov.
14:21 of 3rd period - Goal by Andrei Loktionov - Sabres : 2 - Flames : 2.
14:22 of 3rd period - Eric Staal wins face-off versus Brandon Sutter in neutral zone.
14:27 of 3rd period - David Backes is hit by Kyle Okposo and loses puck.
15:18 of 3rd period - Snap shot by Ryan O'Reilly.
15:18 of 3rd period - Shot Misses the Net.
15:20 of 3rd period - Snap shot by Darcy Hordichuk.
15:20 of 3rd period - Stopped by Pekka Rinne with a rebound.
15:53 of 3rd period - Wrist shot by Evander Kane.
15:53 of 3rd period - Stopped by Pekka Rinne with a rebound.
16:19 of 3rd period - Slapshot by Erik Johnson.
16:19 of 3rd period - Stopped by Robin Lehner with a rebound.
16:39 of 3rd period - Wrist shot by Eric Staal.
16:39 of 3rd period - Stopped by Robin Lehner without a rebound.
16:40 of 3rd period - Eric Staal wins face-off versus Brandon Sutter in Sabres zone.
16:55 of 3rd period - Off-side.
16:56 of 3rd period - Colin Wilson wins face-off versus Vincent Lecavalier in neutral zone.
17:01 of 3rd period - Snap shot by Vincent Lecavalier.
17:01 of 3rd period - Shot Blocked by Steve Eminger.
17:12 of 3rd period - Off-side.
17:13 of 3rd period - Brandon Sutter wins face-off versus Eric Staal in neutral zone.
17:51 of 3rd period - Icing by Steve Eminger.
17:52 of 3rd period - Andrei Loktionov wins face-off versus Colin Wilson in Flames zone.
17:55 of 3rd period - Snap shot by Andrei Loktionov.
17:55 of 3rd period - Goal by Andrei Loktionov - Sabres : 3 - Flames : 2.
17:56 of 3rd period - Vincent Lecavalier wins face-off versus Colin Wilson in neutral zone.
18:12 of 3rd period - Backhand shot by Colin Wilson.
18:12 of 3rd period - Stopped by Robin Lehner with a rebound.
18:42 of 3rd period - Rob Scuderi is hit by Brad Marchand and loses puck.
19:08 of 3rd period - Flames, Pekka Rinne is pulled from the net.
19:12 of 3rd period - Snap shot by David Backes.
19:12 of 3rd period - Shot Misses the Net.
19:14 of 3rd period - Slapshot by Lubomir Visnovsky.
19:14 of 3rd period - Stopped by Robin Lehner with a rebound.
19:16 of 3rd period - Snap shot by Alexander Semin.
19:16 of 3rd period - Stopped by Robin Lehner with a rebound.
19:30 of 3rd period - Wrist shot by Eric Staal.
19:30 of 3rd period - Shot Misses the Net.
19:32 of 3rd period - Wrist shot by Alexander Semin.
19:32 of 3rd period - Deflect By Eric Staal.
19:32 of 3rd period - Shot Misses the Net.
19:32 of 3rd period - Puck is out of play.
19:33 of 3rd period - Lindy Ruff call a timeout for Flames.
19:33 of 3rd period - Zack Kassian wins face-off versus Eric Staal in Sabres zone.
19:35 of 3rd period - Minor Penalty to Zack Kassian for Hooking.
19:36 of 3rd period - Brandon Sutter wins face-off versus Eric Staal in Sabres zone.
Goals for this period are 2 for Sabres vs 0 for Flames.
Shots for this period are 9 for Sabres vs 7 for Flames.